 Dungeon Crawl Stone Soup version 0.23.2-11-gf996548c65 (webtiles) character file.

Game seed: 14953422441497959699

1516 Nattfarinn the Skirmisher (level 8, -1/83 HPs)
             Began as a Troll Fighter on June 4, 2019.
             Slain by a killer bee (3 damage)
             ... on level 5 of the Dungeon.
             The game lasted 00:10:25 (4735 turns).

Nattfarinn the Skirmisher (Troll Fighter)           Turns: 4735, Time: 00:10:26

Health: -1/83      AC:  9    Str: 24 (25) XL:     8   Next: 54%
Magic:  7/7        EV: 10    Int:  1 (4)  God:
Gold:   469        SH:  0    Dex: 13 (15) Spells: 7/7 levels left

rFire    . . .     SeeInvis .   y - +0 giant spiked club
rCold    + . .     Gourm    +   (shield currently unavailable)
rNeg     + . .     Faith    .   C - +2 robe {rC+}
rPois    .         Spirit   .   (helmet restricted)
rElec    .         Reflect  .   k - +0 cloak
rCorr    .         Harm     .   (gloves unavailable)
MR       .....                  (boots unavailable)
Stlth    +.........             s - amulet of rage
HPRegen  0.63/turn              o - +4 ring of dexterity
MPRegen  0.10/turn              x - ring of positive energy

@: no status effects
A: large, unfitting armour, claws 3, fast metabolism 3, gourmand, regeneration
1, shaggy fur 1, tough skin 3
a: Evoke Berserk Rage


You were on level 5 of the Dungeon.
You were very full.

You visited 1 branch of the dungeon, and saw 5 of its levels.

You collected 469 gold pieces.

Inventory:

Hand Weapons
 a - a +0 flail
 y - a +0 giant spiked club (weapon)
Armour
 b - a +0 robe
 c - a +0 shield
 i - a +0 large shield
 k - a +0 cloak (worn)
 C - a +2 robe of cold resistance (worn)
Jewellery
 n - an uncursed ring of resist corrosion
 o - a +4 ring of dexterity (left claw)
 s - an amulet of rage (around neck)
 x - a ring of positive energy (right claw)
Scrolls
 e - 11 scrolls of identify {unknown}
 g - a scroll of amnesia {unknown}
 h - 4 scrolls of teleportation
 j - 2 scrolls of magic mapping {unknown}
 l - 6 scrolls of remove curse {unknown}
 q - a scroll of noise {unknown}
 t - a scroll of random uselessness {unknown}
 u - 4 scrolls of enchant armour {unknown}
 v - a scroll of enchant weapon {unknown}
Potions
 d - a potion of might
 m - 3 potions of lignification
 p - a potion of agility {unknown}
 r - a potion of heal wounds {unknown}
 w - a potion of degeneration
 A - a potion of mutation {unknown}
 B - 2 potions of haste {unknown}
Comestibles
 f - 9 rations
 D - 4 chunks of flesh


   Skills:
 * Level 6.2 Fighting
 + Level 4.6 Maces & Flails
 - Level 2.4 Dodging
 - Level 6.1 Shields


You had 7 spell levels left.
You didn't know any spells.
Your spell library was empty.

Dungeon Overview and Level Annotations

Branches:
Dungeon (5/15)
 Temple: D:4-7

Altars:
Hepliaklqana
Qazlal


Innate Abilities, Weirdness & Mutations

You are too large for most types of armour.
You have claws for hands.
Your metabolism is lightning-fast.
You like to eat raw meat.
Your natural rate of healing is unusually fast.
You are covered in fur. (AC +1)
You have extremely tough skin. (AC +3)


Message History

You barely miss the killer bee.
The killer bee is heavily wounded.
The killer bee barely misses you. The killer bee closely misses you.
The killer bee barely misses you.
It was a potion of degeneration.
There was something very wrong with that liquid.
You feel weakened.
You feel dopey.
You feel clumsy. The killer bee closely misses you. The killer bee stings you!
* * * LOW HITPOINT WARNING * * *
Okay, then.
You closely miss the killer bee.
The killer bee is heavily wounded.
The killer bee stings you but does no damage.
The killer bee stings you.
* * * LOW HITPOINT WARNING * * *
The killer bee closely misses you.
You barely miss the killer bee.
The killer bee is heavily wounded.
The killer bee stings you.
You die...

y.. ###.#.......#.#.......# ....
#.#...###.#.#........
....#########.##### #)#.#...(....
...........##.#######.###........
###........##...........#........
###........#..........#.#......##
#.......h.............#.+......#
#...##...#.#.########.###......##
#.% #...#.#..hy@................
# #...#.#########.############
#...#.###### #.....# #...#......#
#####.# #...######.# #.#####
##### #.# #.....#### #.#
######.#... #.# #......#.## #.#
#.######.#


You could see a killer bee and a jackal.

Vanquished Creatures
  Grinder (D:4)
  Duvessa (D:4)
  An ogre (D:4)
  3 centaurs (D:5)
  Dowan (D:4)
  A water moccasin skeleton (D:5)
  A scorpion (D:5)
  A killer bee (D:5)
  2 crimson imps (D:5)
  A bullfrog zombie (D:5)
  A jelly (D:5)
  A hound (D:5)
  An orc priest (D:3)
  Jessica (D:3)
  2 worker ants (D:4)
  An iguana (D:4)
  Natasha (thrice) (D:4)
  3 orc wizards
  A hound skeleton (D:4)
  A worker ant zombie (D:5)
  Robin (D:4)
  3 gnolls (D:4)
  7 adders
  An ooze (D:3)
  An adder skeleton (D:5)
  3 worms
  2 leopard geckos (D:5)
  11 orcs
  3 ball pythons
  4 giant cockroaches
  12 goblins
  16 hobgoblins
  7 jackals
  7 kobolds
  2 quokkas
  13 bats
  6 frilled lizards
  7 rats
134 creatures vanquished.

Notes
Turn   | Place    | Note
-------+----------+-------------------------------------------
     0 | D:1      | Nattfarinn the Troll Fighter began the quest for the Orb.
     0 | D:1      | Reached XP level 1. HP: 22/22 MP: 0/0
   347 | D:1      | Reached XP level 2. HP: 28/29 MP: 1/1
   844 | D:2      | Reached XP level 3. HP: 36/37 MP: 2/2
  1253 | D:2      | Found a hazy altar of Hepliaklqana.
  1529 | D:3      | Noticed Jessica
  1534 | D:3      | Killed Jessica
  1534 | D:3      | Reached XP level 4. HP: 45/45 MP: 3/3
  1776 | D:3      | Reached XP level 5. HP: 33/53 MP: 4/4
  2653 | D:4      | Identified the cursed +0 helmet "Reipoul" {rF- Int+4
                  | Stlth+}
  2653 | D:4      | Noticed Robin
  2691 | D:4      | Killed Robin
  2691 | D:4      | Reached XP level 6. HP: 33/62 MP: 5/5
  2909 | D:4      | Noticed Grinder
  2912 | D:4      | Paralysed by Grinder for 4 turns
  2923 | D:4      | Killed Grinder
  2923 | D:4      | Reached XP level 7. HP: 71/71 MP: 6/6
  3028 | D:4      | Noticed Natasha
  3037 | D:4      | Killed Natasha
  3117 | D:4      | Noticed Natasha
  3125 | D:4      | Killed Natasha
  3125 | D:4      | Reached skill level 5 in Fighting
  3143 | D:4      | Noticed Natasha
  3148 | D:4      | Killed Natasha
  3285 | D:4      | Noticed Duvessa
  3290 | D:4      | Noticed Dowan
  3298 | D:4      | Killed Duvessa
  3298 | D:4      | Reached skill level 5 in Shields
  3304 | D:4      | Killed Dowan
  3740 | D:5      | Entered Level 5 of the Dungeon
  3754 | D:5      | Reached XP level 8. HP: 79/81 MP: 7/7
  4466 | D:5      | Found a stormy altar of Qazlal.
  4733 | D:5      | HP: 3/83 [killer bee (9)]
  4734 | D:5      | HP: 1/83 [killer bee (3)]
  4735 | D:5      | Slain by a killer bee

Skill      XL: |  1  2  3  4  5  6  7  8 |
---------------+-------------------------+-----
Maces & Flails | 2 3 4 |  4.6
Fighting       | 3 4 5 6 |  6.2
Shields        | 3 4 5 6 |  6.1
Dodging        | |  2.4

Action                   |  1- 3 |  4- 6 |  7- 9 || total
-------------------------+-------+-------+-------++-------
Melee: Flail             |   129 |   191 |    15 ||   335
       Giant spiked club |       |       |   144 ||   144
 Abil: Evoke Berserk Rag |       |     3 |     1 ||     4
  Use: Potion            |       |     1 |     4 ||     5
       Scroll            |       |       |     2 ||     2
  Eat: Chunk             |    20 |    15 |    20 ||    55
Armor: Robe              |    57 |   117 |    99 ||   273
Dodge: Dodged            |    63 |   111 |   183 ||   357
Block: Shield            |    89 |   154 |     4 ||   247
